Bruins vs Flyers

Created - 9 décembre 2017 at 23:18

Goals
1 2 3 T
Bruins 1 2 0 3
Flyers 0 1 0 1
Shots
1 2 3 T
Bruins 9 12 8 29
Flyers 3 7 9 19

1st period

1. Bruins , Connor Brown 8 (Jake Guentzel 4) at 18:55

Penalties :
Andre Burakovsky (PHI) for Slashing (Minor) at 1:29, Ryan White (PHI) for Tripping (Minor) at 5:58, Jonathan Ericsson (PHI) for Holding (Minor) at 14:23

2nd period

2. Bruins , Noah Hanifin 1 (Mark Streit 6, Ryan Spooner 4) at 6:49
3. Bruins , Ryan Spooner 5 (Brendan Gallagher 5, Leon Draisaitl 12) at 8:23
4. Flyers , Patrick Maroon 3 (Andre Burakovsky 9, Alexander Killorn 5) at 16:28

Penalties :
Troy Stecher (PHI) for Holding (Minor) at 14:05

3rd period

No Goal

Penalties :
Damon Severson (PHI) for Hooking (Minor) at 2:07

Goalie Stats

Carey Price (BOS), 18 saves from 19 shots - (0.947), W, 9-8-1, 60:00 minutes
Steve Mason (PHI), 26 saves from 29 shots - (0.897), L, 11-15-2, 60:00 minutes

Players Stats for Bruins

Player Name              G  A  P  +/- PIM S  H  SB GA TA FO     MP     PP MP  PK MP  
------------------------------------------------------------------------------------
Andrew Ladd              0  0  0   0  0   1  2  0  0  0  0/0    20:34   6:14   0:00 
Brendan Gallagher        0  1  1   2  0   1  1  0  0  0  1/1    19:21   3:35   0:00 
Carl Soderberg           0  0  0   0  0   0  0  0  0  0  5/8     6:14   0:33   0:00 
Connor Brown             1  0  1   0  0   2  2  0  0  0  0/1    14:27   0:00   0:00 
Corey Perry              0  0  0   0  0   3  3  1  0  0  0/0    20:34   6:14   0:00 
Greg Pateryn             0  0  0   0  0   0  0  0  0  0  0/0     2:42   0:00   0:00 
Jake Guentzel            0  1  1   0  0   2  0  0  0  0  0/2    15:12   0:06   0:00 
Jake Muzzin              0  0  0   0  0   0  3  2  0  0  0/0    21:18   4:37   0:00 
Leon Draisaitl           0  1  1   2  0   4  1  0  0  0  14/25  19:27   3:41   0:00 
Mark Streit              0  1  1   2  0   0  0  2  0  0  0/0    12:10   0:00   0:00 
Melker Karlsson          0  0  0   0  0   0  0  0  0  0  0/1     5:32   0:00   0:00 
Noah Hanifin             1  0  1   2  0   1  3  0  0  0  0/0    12:10   0:00   0:00 
P.K. Subban              0  0  0   0  0   1  3  1  0  0  0/0    23:50   5:18   0:00 
Patrice Bergeron         0  0  0   0  0   4  0  1  0  0  21/28  25:06   6:02   0:00 
Ryan Spooner             1  1  2   2  0   3  1  0  0  0  0/3    19:06   3:20   0:00 
Shea Weber               0  0  0   0  0   4  2  1  0  0  0/0    26:32   5:18   0:00 
Tomas Plekanec           0  0  0   0  0   2  3  0  0  0  11/19  14:27   0:00   0:00 
Torey Krug               0  0  0   0  0   1  1  1  0  0  0/0    21:18   4:37   0:00 

Players Stats for Flyers

Player Name              G  A  P  +/- PIM S  H  SB GA TA FO     MP     PP MP  PK MP  
------------------------------------------------------------------------------------
Alexander Killorn        0  1  1   0  0   1  2  0  0  0  5/17   17:55   0:00   2:41 
Andre Burakovsky         0  1  1   0  2   0  0  0  0  0  0/0    16:09   0:00   0:56 
Andrew MacDonald         0  0  0   0  0   1  1  2  0  0  0/0    22:14   0:00   5:26 
Ben Hutton               0  0  0  -2  0   0  0  2  0  0  0/0    17:49   0:00   4:30 
Bo Horvat                0  0  0  -2  0   3  0  1  0  0  9/24   18:10   0:00   0:00 
Calle Jarnkrok           0  0  0   0  0   0  0  0  0  0  0/0    11:34   0:00   0:00 
Casey Cizikas            0  0  0   0  0   4  1  0  0  0  12/23  15:39   0:00   4:05 
Damon Severson           0  0  0   1  2   1  1  1  0  0  0/0    18:53   0:00   0:30 
Joel Ward                0  0  0   0  0   3  1  0  0  0  1/1    14:54   0:00   3:20 
Jonathan Ericsson        0  0  0  -1  2   0  4  2  0  0  0/0    22:51   0:00   3:32 
Kyle Brodziak            0  0  0   0  0   0  0  0  0  0  3/9    10:35   0:00   5:28 
Patrick Maroon           1  0  1   0  0   3  1  0  0  0  1/2    15:14   0:00   0:00 
Riley Sheahan            0  0  0   0  0   1  1  1  0  0  5/10    8:27   0:00   3:20 
Ryan Ellis               0  0  0  -1  0   0  0  1  0  0  0/0    24:26   0:00   5:48 
Ryan White               0  0  0   0  2   0  3  0  0  0  0/1     5:06   0:00   0:00 
Scott Hartnell           0  0  0  -2  0   1  4  0  0  0  0/0    18:10   0:00   0:00 
Thomas Vanek             0  0  0  -2  0   1  0  0  0  0  0/1    18:10   0:00   0:00 
Troy Stecher             0  0  0  -1  2   0  0  3  0  0  0/0    13:44   0:00   0:04 

3 Stars

1 - Ryan Spooner (BOS)
2 - Noah Hanifin (BOS)
3 - Connor Brown (BOS)

Power Play

Bruins - 0 on 5 Attempt(s) - 0.00%
Flyers - 0 on 0 Attempt(s) - 0.00%

Penalty Kill

Bruins - 0 on 0 Attempt(s) - 0.00% - Score 0 goal in Penalty Kill
Flyers - 5 on 5 Attempt(s) - 100.00% - Score 0 goal in Penalty Kill

Team Stat

Bruins - Hits : 25 - Faceoff Wins : 52 - Blocked Shots : 9 - Penalty Minutes : 0
Flyers - Hits : 19 - Faceoff Wins : 36 - Blocked Shots : 13 - Penalty Minutes : 10

Official

Referees : Dean Morton and Tim Peel
Linesman : John Grandt and Thor Nelson

Game Notes

No Game Note

Finance

Level 1 -- Attendance: 5706 (87.78%) -- Ticket Income 627 660 $
Level 2 -- Attendance: 5000 (100.00%) -- Ticket Income 410 000 $
Level 3 -- Attendance: 3035 (86.71%) -- Ticket Income 191 205 $
Level 4 -- Attendance: 2713 (76.70%) -- Ticket Income 54 260 $
Luxury Box -- Attendance: 950 (95.00%) -- Ticket Income 213 750 $
Game was played at the Wells Fargo Center.
Total Attendance: 17404 (89.08%)
Total Ticket Income: 1 496 875 $
Other Income: 224 531 $
Total Income: 1 721 406 $

% Time on Ice - Bruins

Lines # - Real PCT - Wanted PCT - Time Play
Normal Forward
1 - 29% - 40% - 14:20
2 - 31% - 30% - 15:46
3 - 29% - 20% - 14:27
4 - 11% - 10% - 5:32
Normal Defense
1 - 37% - 40% - 18:32
2 - 33% - 30% - 16:41
3 - 24% - 20% - 12:10
4 - 5% - 10% - 2:42
PP Forward
1 - 63% - 60% - 6:14
2 - 37% - 40% - 3:41
PP Defense
1 - 53% - 60% - 5:18
2 - 47% - 40% - 4:37
PK Forward
1 - 0% - 60%
2 - 0% - 40%
PK Defense
1 - 0% - 60%
2 - 0% - 40%
PK3 Forward
1 - 0% - 60%
2 - 0% - 40%
PK3 Defense
1 - 0% - 60%
2 - 0% - 40%
44 Forward
1 - 0% - 60%
2 - 0% - 40%
44 Defense
1 - 0% - 60%
2 - 0% - 40%
Last Minute Offensive  - 0:00
Last Minute Defensive  - 0:00
Total
Forward - 60:00
Defense - 60:00

% Time on Ice - Flyers

Lines # - Real PCT - Wanted PCT - Time Play
Normal Forward
1 - 36% - 35% - 18:10
2 - 30% - 30% - 15:14
3 - 23% - 23% - 11:34
4 - 10% - 12% - 5:07
Normal Defense
1 - 37% - 42% - 18:22
2 - 34% - 34% - 17:02
3 - 27% - 24% - 13:41
4 - 2% - 0% - 1:00
PP Forward
1 - 0% - 60%
2 - 0% - 40%
PP Defense
1 - 0% - 60%
2 - 0% - 40%
PK Forward
1 - 66% - 60% - 6:35
2 - 34% - 40% - 3:20
PK Defense
1 - 54% - 50% - 5:24
2 - 46% - 50% - 4:31
PK3 Forward
1 - 0% - 60%
2 - 0% - 40%
PK3 Defense
1 - 0% - 60%
2 - 0% - 40%
44 Forward
1 - 0% - 60%
2 - 0% - 40%
44 Defense
1 - 0% - 60%
2 - 0% - 40%
Last Minute Offensive  - 0:00
Last Minute Defensive  - 0:00
Total
Forward - 60:00
Defense - 60:00

Play by Play

1st period


0:01 of 1st period - Bo Horvat wins face-off versus Patrice Bergeron in neutral zone.
0:22 of 1st period - Ryan Ellis is hit by Corey Perry and loses puck.
0:28 of 1st period - Icing by Ryan Ellis.
0:29 of 1st period - Bo Horvat wins face-off versus Leon Draisaitl in Flyers zone.
0:29 of 1st period - Bo Horvat is hit by Ryan Spooner.
1:29 of 1st period - Minor Penalty to Andre Burakovsky for Slashing.
1:30 of 1st period - Patrice Bergeron wins face-off versus Kyle Brodziak in Flyers zone.
1:45 of 1st period - Shot by Patrice Bergeron.
1:45 of 1st period - Shot Misses the Net.
1:47 of 1st period - Shot by Shea Weber.
1:47 of 1st period - Shot Misses the Net.
3:55 of 1st period - Shot by Scott Hartnell.
3:55 of 1st period - Shot Misses the Net.
4:09 of 1st period - Alexander Killorn is hit by Connor Brown and loses puck.
5:58 of 1st period - Minor Penalty to Ryan White for Tripping.
5:59 of 1st period - Kyle Brodziak wins face-off versus Carl Soderberg in Flyers zone.
6:10 of 1st period - Shot by P.K. Subban.
6:10 of 1st period - Stopped by Steve Mason without a rebound.
6:11 of 1st period - Patrice Bergeron wins face-off versus Kyle Brodziak in Flyers zone.
6:12 of 1st period - Shot by Corey Perry.
6:12 of 1st period - Stopped by Steve Mason without a rebound.
6:13 of 1st period - Kyle Brodziak wins face-off versus Patrice Bergeron in Flyers zone.
6:34 of 1st period - Shot by Torey Krug.
6:34 of 1st period - Shot Misses the Net.
6:44 of 1st period - Shot by Corey Perry.
6:44 of 1st period - Stopped by Steve Mason without a rebound.
6:45 of 1st period - Leon Draisaitl wins face-off versus Riley Sheahan in Flyers zone.
7:42 of 1st period - Shot by Patrice Bergeron.
7:42 of 1st period - Stopped by Steve Mason without a rebound.
7:43 of 1st period - Riley Sheahan wins face-off versus Patrice Bergeron in Flyers zone.
8:05 of 1st period - Shot by Jake Guentzel.
8:05 of 1st period - Shot Misses the Net.
8:07 of 1st period - Shot by Connor Brown.
8:07 of 1st period - Shot Misses the Net.
8:09 of 1st period - Shot by Mark Streit.
8:09 of 1st period - Shot Misses the Net.
8:11 of 1st period - Shot by Jake Guentzel.
8:11 of 1st period - Stopped by Steve Mason without a rebound.
8:12 of 1st period - Tomas Plekanec wins face-off versus Casey Cizikas in Flyers zone.
8:18 of 1st period - Icing by Joel Ward.
8:19 of 1st period - Casey Cizikas wins face-off versus Leon Draisaitl in Flyers zone.
8:19 of 1st period - Casey Cizikas is hit by Brendan Gallagher.
8:25 of 1st period - Off-side.
8:26 of 1st period - Patrice Bergeron wins face-off versus Bo Horvat in neutral zone.
8:37 of 1st period - Andrew MacDonald is hit by Andrew Ladd.
9:11 of 1st period - Off-side.
9:12 of 1st period - Alexander Killorn wins face-off versus Leon Draisaitl in neutral zone.
9:31 of 1st period - Shot by Patrick Maroon.
9:31 of 1st period - Shot Misses the Net.
9:40 of 1st period - Alexander Killorn is hit by Jake Muzzin and loses puck.
9:56 of 1st period - Icing by Ryan Ellis.
9:57 of 1st period - Tomas Plekanec wins face-off versus Alexander Killorn in Flyers zone.
9:57 of 1st period - Tomas Plekanec is hit by Jonathan Ericsson.
10:14 of 1st period - Icing by Alexander Killorn.
10:15 of 1st period - Patrice Bergeron wins face-off versus Alexander Killorn in Flyers zone.
11:27 of 1st period - Shot by Jake Guentzel.
11:27 of 1st period - Shot Blocked by Troy Stecher.
11:31 of 1st period - Shot by Tomas Plekanec.
11:31 of 1st period - Shot Blocked by Bo Horvat.
11:33 of 1st period - Shot by Shea Weber.
11:33 of 1st period - Stopped by Steve Mason without a rebound.
11:34 of 1st period - Leon Draisaitl wins face-off versus Casey Cizikas in Flyers zone.
11:42 of 1st period - Icing by Andrew MacDonald.
11:43 of 1st period - Casey Cizikas wins face-off versus Ryan Spooner in Flyers zone.
12:08 of 1st period - Shot by Leon Draisaitl.
12:08 of 1st period - Shot Blocked by Andrew MacDonald.
12:47 of 1st period - Bo Horvat is hit by P.K. Subban and loses puck.
12:56 of 1st period - Shot by Bo Horvat.
12:56 of 1st period - Shot Misses the Net.
12:58 of 1st period - Shot by Bo Horvat.
12:58 of 1st period - Stopped by Carey Price without a rebound.
12:59 of 1st period - Tomas Plekanec wins face-off versus Riley Sheahan in Bruins zone.
12:59 of 1st period - Tomas Plekanec is hit by Ryan White.
13:51 of 1st period - Icing by Joel Ward.
13:52 of 1st period - Casey Cizikas wins face-off versus Patrice Bergeron in Flyers zone.
13:52 of 1st period - Casey Cizikas is hit by Andrew Ladd.
14:04 of 1st period - Shot by Casey Cizikas.
14:04 of 1st period - Stopped by Carey Price without a rebound.
14:05 of 1st period - Bo Horvat wins face-off versus Carl Soderberg in Bruins zone.
14:22 of 1st period - Shot by Patrice Bergeron.
14:22 of 1st period - Shot Misses the Net.
14:23 of 1st period - Minor Penalty to Jonathan Ericsson for Holding.
14:24 of 1st period - Leon Draisaitl wins face-off versus Kyle Brodziak in Flyers zone.
14:37 of 1st period - Shot by Shea Weber.
14:37 of 1st period - Stopped by Steve Mason without a rebound.
14:38 of 1st period - Patrice Bergeron wins face-off versus Kyle Brodziak in Flyers zone.
15:18 of 1st period - Icing by Andrew Ladd.
15:19 of 1st period - Kyle Brodziak wins face-off versus Patrice Bergeron in Bruins zone.
15:19 of 1st period - Ryan Ellis is hit by Jake Muzzin and loses puck.
15:24 of 1st period - Shot by Alexander Killorn.
15:24 of 1st period - Shot Blocked by Corey Perry.
15:42 of 1st period - Alexander Killorn is hit by Jake Muzzin and loses puck.
16:39 of 1st period - Thomas Vanek is hit by Connor Brown and loses puck.
17:13 of 1st period - Off-side.
17:14 of 1st period - Leon Draisaitl wins face-off versus Casey Cizikas in neutral zone.
17:14 of 1st period - Brendan Gallagher is hit by Joel Ward and loses puck.
18:00 of 1st period - Icing by Shea Weber.
18:01 of 1st period - Leon Draisaitl wins face-off versus Alexander Killorn in Bruins zone.
18:01 of 1st period - Leon Draisaitl is hit by Alexander Killorn.
18:23 of 1st period - Ben Hutton is hit by Corey Perry and loses puck.
18:40 of 1st period - Shot by Corey Perry.
18:40 of 1st period - Shot Blocked by Troy Stecher.
18:42 of 1st period - Shot by Patrice Bergeron.
18:42 of 1st period - Stopped by Steve Mason without a rebound.
18:43 of 1st period - Bo Horvat wins face-off versus Tomas Plekanec in Flyers zone.
18:55 of 1st period - Shot by Connor Brown.
18:55 of 1st period - Goal by Connor Brown - Bruins : 1 - Flyers : 0.
18:56 of 1st period - Riley Sheahan wins face-off versus Patrice Bergeron in neutral zone.
19:25 of 1st period - Shot by Riley Sheahan.
19:25 of 1st period - Stopped by Carey Price with a rebound.
19:27 of 1st period - Shot by Kyle Brodziak.
19:27 of 1st period - Shot Misses the Net.
19:29 of 1st period - Shot by Andrew MacDonald.
19:29 of 1st period - Shot Misses the Net.
Goals for this period are 1 for Bruins vs 0 for Flyers.
Shots for this period are 9 for Bruins vs 3 for Flyers.

2nd period


0:01 of 2nd period - Patrice Bergeron wins face-off versus Bo Horvat in neutral zone.
1:16 of 2nd period - Damon Severson is hit by Torey Krug and loses puck.
2:00 of 2nd period - Icing by Noah Hanifin.
2:01 of 2nd period - Tomas Plekanec wins face-off versus Casey Cizikas in Bruins zone.
2:08 of 2nd period - Shot by Casey Cizikas.
2:08 of 2nd period - Stopped by Carey Price without a rebound.
2:09 of 2nd period - Riley Sheahan wins face-off versus Melker Karlsson in Bruins zone.
2:20 of 2nd period - Shot by Shea Weber.
2:20 of 2nd period - Stopped by Steve Mason with a rebound.
2:35 of 2nd period - Icing by Shea Weber.
2:36 of 2nd period - Carl Soderberg wins face-off versus Bo Horvat in Bruins zone.
3:18 of 2nd period - Shot by Brendan Gallagher.
3:18 of 2nd period - Shot Misses the Net.
3:20 of 2nd period - Shot by Jake Muzzin.
3:20 of 2nd period - Shot Misses the Net.
3:22 of 2nd period - Shot by Torey Krug.
3:22 of 2nd period - Shot Misses the Net.
3:24 of 2nd period - Shot by Leon Draisaitl.
3:24 of 2nd period - Stopped by Steve Mason without a rebound.
3:25 of 2nd period - Casey Cizikas wins face-off versus Connor Brown in Flyers zone.
3:29 of 2nd period - Off-side.
3:30 of 2nd period - Joel Ward wins face-off versus Tomas Plekanec in neutral zone.
3:58 of 2nd period - Shot by Casey Cizikas.
3:58 of 2nd period - Shot Misses the Net.
4:18 of 2nd period - P.K. Subban is hit by Casey Cizikas and loses puck.
4:59 of 2nd period - Shot by Alexander Killorn.
4:59 of 2nd period - Deflect By Patrick Maroon.
4:59 of 2nd period - Stopped by Carey Price without a rebound.
5:00 of 2nd period - Leon Draisaitl wins face-off versus Bo Horvat in Bruins zone.
5:09 of 2nd period - Shot by Brendan Gallagher.
5:09 of 2nd period - Deflect By Leon Draisaitl.
5:09 of 2nd period - Shot Misses the Net.
5:33 of 2nd period - Icing by Jonathan Ericsson.
5:34 of 2nd period - Patrice Bergeron wins face-off versus Bo Horvat in Flyers zone.
6:19 of 2nd period - Shot by Damon Severson.
6:19 of 2nd period - Stopped by Carey Price without a rebound.
6:20 of 2nd period - Alexander Killorn wins face-off versus Tomas Plekanec in Bruins zone.
6:29 of 2nd period - Patrick Maroon is hit by Tomas Plekanec and loses puck.
6:35 of 2nd period - Icing by Ben Hutton.
6:36 of 2nd period - Leon Draisaitl wins face-off versus Alexander Killorn in Flyers zone.
6:41 of 2nd period - Shot by Leon Draisaitl.
6:41 of 2nd period - Stopped by Steve Mason with a rebound.
6:49 of 2nd period - Shot by Noah Hanifin.
6:49 of 2nd period - Goal by Noah Hanifin - Bruins : 2 - Flyers : 0.
6:50 of 2nd period - Casey Cizikas wins face-off versus Tomas Plekanec in neutral zone.
6:52 of 2nd period - Damon Severson is hit by Shea Weber and loses puck.
6:56 of 2nd period - Casey Cizikas is hit by P.K. Subban and loses puck.
7:04 of 2nd period - Calle Jarnkrok is hit by Shea Weber and loses puck.
7:48 of 2nd period - Icing by Jake Muzzin.
7:49 of 2nd period - Patrice Bergeron wins face-off versus Thomas Vanek in Bruins zone.
7:49 of 2nd period - Patrice Bergeron is hit by Scott Hartnell.
7:52 of 2nd period - Corey Perry is hit by Scott Hartnell.
8:11 of 2nd period - Icing by Ben Hutton.
8:12 of 2nd period - Leon Draisaitl wins face-off versus Bo Horvat in Flyers zone.
8:19 of 2nd period - Shot by Ryan Spooner.
8:19 of 2nd period - Shot Misses the Net.
8:21 of 2nd period - Shot by Ryan Spooner.
8:21 of 2nd period - Stopped by Steve Mason with a rebound.
8:23 of 2nd period - Shot by Ryan Spooner.
8:23 of 2nd period - Goal by Ryan Spooner - Bruins : 3 - Flyers : 0.
8:24 of 2nd period - Patrice Bergeron wins face-off versus Alexander Killorn in neutral zone.
8:43 of 2nd period - Shot by Patrice Bergeron.
8:43 of 2nd period - Shot Hit the Post.
8:45 of 2nd period - Shot by Shea Weber.
8:45 of 2nd period - Shot Blocked by Jonathan Ericsson.
8:47 of 2nd period - Shot by Shea Weber.
8:47 of 2nd period - Stopped by Steve Mason without a rebound.
8:48 of 2nd period - Casey Cizikas wins face-off versus Ryan Spooner in Flyers zone.
8:55 of 2nd period - Shot by Casey Cizikas.
8:55 of 2nd period - Stopped by Carey Price without a rebound.
8:56 of 2nd period - Bo Horvat wins face-off versus Leon Draisaitl in Bruins zone.
9:03 of 2nd period - Icing by Shea Weber.
9:04 of 2nd period - Leon Draisaitl wins face-off versus Alexander Killorn in Bruins zone.
10:42 of 2nd period - Icing by Corey Perry.
10:43 of 2nd period - Patrice Bergeron wins face-off versus Casey Cizikas in Bruins zone.
10:54 of 2nd period - Shot by Patrice Bergeron.
10:54 of 2nd period - Shot Blocked by Troy Stecher.
10:56 of 2nd period - Shot by Andrew Ladd.
10:56 of 2nd period - Stopped by Steve Mason without a rebound.
10:57 of 2nd period - Tomas Plekanec wins face-off versus Riley Sheahan in Flyers zone.
11:00 of 2nd period - Shot by Jake Guentzel.
11:00 of 2nd period - Stopped by Steve Mason without a rebound.
11:01 of 2nd period - Patrice Bergeron wins face-off versus Casey Cizikas in Flyers zone.
11:11 of 2nd period - Icing by Joel Ward.
11:12 of 2nd period - Tomas Plekanec wins face-off versus Casey Cizikas in Flyers zone.
11:24 of 2nd period - Casey Cizikas is hit by Tomas Plekanec and loses puck.
12:58 of 2nd period - Andrew MacDonald is hit by Leon Draisaitl and loses puck.
13:09 of 2nd period - Shot by Leon Draisaitl.
13:09 of 2nd period - Stopped by Steve Mason with a rebound.
13:11 of 2nd period - Shot by Torey Krug.
13:11 of 2nd period - Shot Blocked by Andrew MacDonald.
13:13 of 2nd period - Shot by Jake Muzzin.
13:13 of 2nd period - Shot Blocked by Damon Severson.
13:59 of 2nd period - Connor Brown is hit by Ryan White and loses puck.
14:05 of 2nd period - Minor Penalty to Troy Stecher for Holding.
14:06 of 2nd period - Patrice Bergeron wins face-off versus Kyle Brodziak in Flyers zone.
15:09 of 2nd period - Shot by Leon Draisaitl.
15:09 of 2nd period - Shot Misses the Net.
15:31 of 2nd period - Shot by Shea Weber.
15:31 of 2nd period - Shot Blocked by Riley Sheahan.
15:33 of 2nd period - Shot by P.K. Subban.
15:33 of 2nd period - Shot Misses the Net.
15:39 of 2nd period - Shot by Corey Perry.
15:39 of 2nd period - Stopped by Steve Mason with a rebound.
15:43 of 2nd period - Shot by Shea Weber.
15:43 of 2nd period - Shot Misses the Net.
15:45 of 2nd period - Shot by P.K. Subban.
15:45 of 2nd period - Shot Blocked by Ben Hutton.
16:12 of 2nd period - Shot by Jake Guentzel.
16:12 of 2nd period - Deflect By Tomas Plekanec.
16:12 of 2nd period - Stopped by Steve Mason with a rebound.
16:20 of 2nd period - Shot by Andre Burakovsky.
16:20 of 2nd period - Shot Misses the Net.
16:28 of 2nd period - Shot by Patrick Maroon.
16:28 of 2nd period - Goal by Patrick Maroon - Bruins : 3 - Flyers : 1.
16:29 of 2nd period - Carl Soderberg wins face-off versus Bo Horvat in neutral zone.
16:44 of 2nd period - Shot by Carl Soderberg.
16:44 of 2nd period - Shot Blocked by Jonathan Ericsson.
16:56 of 2nd period - Shot by Thomas Vanek.
16:56 of 2nd period - Stopped by Carey Price without a rebound.
16:57 of 2nd period - Tomas Plekanec wins face-off versus Alexander Killorn in Bruins zone.
17:26 of 2nd period - Icing by Torey Krug.
17:27 of 2nd period - Casey Cizikas wins face-off versus Tomas Plekanec in Bruins zone.
17:58 of 2nd period - Shot by Casey Cizikas.
17:58 of 2nd period - Deflect By Joel Ward.
17:58 of 2nd period - Stopped by Carey Price without a rebound.
17:59 of 2nd period - Leon Draisaitl wins face-off versus Bo Horvat in Bruins zone.
18:06 of 2nd period - Shot by Thomas Vanek.
18:06 of 2nd period - Shot Blocked by Shea Weber.
18:09 of 2nd period - Icing by P.K. Subban.
18:10 of 2nd period - Alexander Killorn wins face-off versus Leon Draisaitl in Bruins zone.
18:45 of 2nd period - Icing by Shea Weber.
18:46 of 2nd period - Leon Draisaitl wins face-off versus Bo Horvat in Bruins zone.
19:10 of 2nd period - Corey Perry is hit by Jonathan Ericsson and loses puck.
19:35 of 2nd period - Corey Perry is hit by Damon Severson.
19:47 of 2nd period - Icing by Jake Muzzin.
19:48 of 2nd period - Patrice Bergeron wins face-off versus Ryan White in Bruins zone.
Goals for this period are 2 for Bruins vs 1 for Flyers.
Shots for this period are 12 for Bruins vs 7 for Flyers.

3rd period


0:01 of 3rd period - Patrice Bergeron wins face-off versus Bo Horvat in neutral zone.
0:26 of 3rd period - Corey Perry is hit by Jonathan Ericsson and loses puck.
0:32 of 3rd period - Off-side.
0:33 of 3rd period - Casey Cizikas wins face-off versus Leon Draisaitl in neutral zone.
0:42 of 3rd period - Shot by Calle Jarnkrok.
0:42 of 3rd period - Shot Misses the Net.
0:51 of 3rd period - Icing by Jake Muzzin.
0:52 of 3rd period - Alexander Killorn wins face-off versus Leon Draisaitl in Bruins zone.
0:59 of 3rd period - Shot by Patrick Maroon.
0:59 of 3rd period - Deflect By Alexander Killorn.
0:59 of 3rd period - Shot Blocked by Torey Krug.
1:01 of 3rd period - Shot by Ben Hutton.
1:01 of 3rd period - Shot Misses the Net.
1:03 of 3rd period - Shot by Andre Burakovsky.
1:03 of 3rd period - Deflect By Patrick Maroon.
1:03 of 3rd period - Shot Blocked by Jake Muzzin.
1:24 of 3rd period - Shot by Andre Burakovsky.
1:24 of 3rd period - Shot Blocked by Jake Muzzin.
1:52 of 3rd period - Shot by Shea Weber.
1:52 of 3rd period - Shot Misses the Net.
1:56 of 3rd period - Shot by Patrice Bergeron.
1:56 of 3rd period - Stopped by Steve Mason without a rebound.
1:57 of 3rd period - Tomas Plekanec wins face-off versus Casey Cizikas in Flyers zone.
2:07 of 3rd period - Minor Penalty to Damon Severson for Hooking.
2:08 of 3rd period - Patrice Bergeron wins face-off versus Kyle Brodziak in Flyers zone.
2:31 of 3rd period - Shot by Shea Weber.
2:31 of 3rd period - Shot Misses the Net.
3:34 of 3rd period - Shot by Torey Krug.
3:34 of 3rd period - Stopped by Steve Mason without a rebound.
3:35 of 3rd period - Alexander Killorn wins face-off versus Leon Draisaitl in Flyers zone.
4:16 of 3rd period - Connor Brown is hit by Scott Hartnell and loses puck.
4:20 of 3rd period - Icing by Noah Hanifin.
4:21 of 3rd period - Casey Cizikas wins face-off versus Tomas Plekanec in Bruins zone.
4:29 of 3rd period - Joel Ward is hit by Noah Hanifin and loses puck.
4:44 of 3rd period - Joel Ward is hit by Noah Hanifin and loses puck.
4:49 of 3rd period - Shot by Joel Ward.
4:49 of 3rd period - Stopped by Carey Price without a rebound.
4:50 of 3rd period - Carl Soderberg wins face-off versus Bo Horvat in Bruins zone.
5:27 of 3rd period - Shea Weber is hit by Scott Hartnell and loses puck.
5:54 of 3rd period - Off-side.
5:55 of 3rd period - Tomas Plekanec wins face-off versus Alexander Killorn in neutral zone.
5:57 of 3rd period - Off-side.
5:58 of 3rd period - Tomas Plekanec wins face-off versus Alexander Killorn in neutral zone.
6:29 of 3rd period - Shot by Tomas Plekanec.
6:29 of 3rd period - Stopped by Steve Mason without a rebound.
6:30 of 3rd period - Patrice Bergeron wins face-off versus Casey Cizikas in Flyers zone.
6:35 of 3rd period - Shot by Patrice Bergeron.
6:35 of 3rd period - Shot Blocked by Ben Hutton.
6:51 of 3rd period - Shot by Casey Cizikas.
6:51 of 3rd period - Stopped by Carey Price without a rebound.
6:52 of 3rd period - Leon Draisaitl wins face-off versus Riley Sheahan in Bruins zone.
6:52 of 3rd period - Leon Draisaitl is hit by Ryan White.
7:06 of 3rd period - Icing by Brendan Gallagher.
7:07 of 3rd period - Bo Horvat wins face-off versus Leon Draisaitl in Bruins zone.
7:31 of 3rd period - Shot by Scott Hartnell.
7:31 of 3rd period - Shot Blocked by Mark Streit.
7:33 of 3rd period - Shot by Andrew MacDonald.
7:33 of 3rd period - Stopped by Carey Price without a rebound.
7:34 of 3rd period - Patrice Bergeron wins face-off versus Alexander Killorn in Bruins zone.
7:43 of 3rd period - Shot by Corey Perry.
7:43 of 3rd period - Shot Misses the Net.
7:57 of 3rd period - Shot by Alexander Killorn.
7:57 of 3rd period - Deflect By Patrick Maroon.
7:57 of 3rd period - Stopped by Carey Price without a rebound.
7:58 of 3rd period - Casey Cizikas wins face-off versus Tomas Plekanec in Bruins zone.
8:05 of 3rd period - Shot by Calle Jarnkrok.
8:05 of 3rd period - Shot Misses the Net.
8:26 of 3rd period - Shot by Connor Brown.
8:26 of 3rd period - Shot Misses the Net.
8:28 of 3rd period - Shot by Connor Brown.
8:28 of 3rd period - Stopped by Steve Mason without a rebound.
8:29 of 3rd period - Patrice Bergeron wins face-off versus Bo Horvat in Flyers zone.
8:29 of 3rd period - Patrice Bergeron is hit by Jonathan Ericsson.
8:37 of 3rd period - Shot by Scott Hartnell.
8:37 of 3rd period - Shot Misses the Net.
8:55 of 3rd period - Shot by Bo Horvat.
8:55 of 3rd period - Stopped by Carey Price without a rebound.
8:56 of 3rd period - Leon Draisaitl wins face-off versus Alexander Killorn in Bruins zone.
8:56 of 3rd period - Leon Draisaitl is hit by Alexander Killorn.
8:59 of 3rd period - Icing by Ryan Spooner.
9:00 of 3rd period - Brendan Gallagher wins face-off versus Alexander Killorn in Bruins zone.
9:00 of 3rd period - Brendan Gallagher is hit by Patrick Maroon.
9:26 of 3rd period - Shot by Alexander Killorn.
9:26 of 3rd period - Stopped by Carey Price with a rebound.
9:28 of 3rd period - Shot by Alexander Killorn.
9:28 of 3rd period - Shot Blocked by Mark Streit.
9:47 of 3rd period - Icing by Mark Streit.
9:48 of 3rd period - Bo Horvat wins face-off versus Ryan Spooner in Bruins zone.
10:02 of 3rd period - Scott Hartnell is hit by Noah Hanifin and loses puck.
10:09 of 3rd period - Shot by Scott Hartnell.
10:09 of 3rd period - Stopped by Carey Price without a rebound.
10:10 of 3rd period - Patrice Bergeron wins face-off versus Casey Cizikas in Bruins zone.
10:15 of 3rd period - Casey Cizikas is hit by Corey Perry and loses puck.
10:28 of 3rd period - Shot by Calle Jarnkrok.
10:28 of 3rd period - Deflect By Joel Ward.
10:28 of 3rd period - Stopped by Carey Price without a rebound.
10:29 of 3rd period - Riley Sheahan wins face-off versus Jake Guentzel in Bruins zone.
10:33 of 3rd period - Icing by Torey Krug.
10:34 of 3rd period - Tomas Plekanec wins face-off versus Bo Horvat in Bruins zone.
11:06 of 3rd period - Shot by Tomas Plekanec.
11:06 of 3rd period - Shot Blocked by Ryan Ellis.
11:33 of 3rd period - Icing by Jonathan Ericsson.
11:34 of 3rd period - Carl Soderberg wins face-off versus Bo Horvat in Flyers zone.
11:35 of 3rd period - Shot by Patrice Bergeron.
11:35 of 3rd period - Stopped by Steve Mason without a rebound.
11:36 of 3rd period - Patrice Bergeron wins face-off versus Patrick Maroon in Flyers zone.
13:17 of 3rd period - Damon Severson is hit by Tomas Plekanec and loses puck.
13:44 of 3rd period - Off-side.
13:45 of 3rd period - Casey Cizikas wins face-off versus Carl Soderberg in neutral zone.
14:18 of 3rd period - Shot by Carl Soderberg.
14:18 of 3rd period - Deflect By Patrice Bergeron.
14:18 of 3rd period - Shot Misses the Net.
14:20 of 3rd period - Shot by Shea Weber.
14:20 of 3rd period - Shot Misses the Net.
14:22 of 3rd period - Shot by P.K. Subban.
14:22 of 3rd period - Shot Misses the Net.
14:24 of 3rd period - Shot by P.K. Subban.
14:24 of 3rd period - Shot Misses the Net.
14:40 of 3rd period - Shot by Ryan Spooner.
14:40 of 3rd period - Shot Misses the Net.
14:42 of 3rd period - Shot by Leon Draisaitl.
14:42 of 3rd period - Stopped by Steve Mason without a rebound.
14:43 of 3rd period - Bo Horvat wins face-off versus Tomas Plekanec in Flyers zone.
15:05 of 3rd period - Off-side.
15:06 of 3rd period - Riley Sheahan wins face-off versus Leon Draisaitl in neutral zone.
15:13 of 3rd period - Brendan Gallagher is hit by Riley Sheahan and loses puck.
15:27 of 3rd period - Icing by Ben Hutton.
15:28 of 3rd period - Patrice Bergeron wins face-off versus Riley Sheahan in Flyers zone.
16:20 of 3rd period - Shot by Thomas Vanek.
16:20 of 3rd period - Shot Blocked by Patrice Bergeron.
16:22 of 3rd period - Shot by Ryan Ellis.
16:22 of 3rd period - Deflect By Thomas Vanek.
16:22 of 3rd period - Shot Blocked by P.K. Subban.
16:24 of 3rd period - Shot by Jonathan Ericsson.
16:24 of 3rd period - Shot Misses the Net.
16:26 of 3rd period - Shot by Bo Horvat.
16:26 of 3rd period - Stopped by Carey Price without a rebound.
16:27 of 3rd period - Casey Cizikas wins face-off versus Leon Draisaitl in Bruins zone.
17:03 of 3rd period - Brendan Gallagher is hit by Andrew MacDonald and loses puck.
17:52 of 3rd period - Icing by Bo Horvat.
17:53 of 3rd period - Carl Soderberg wins face-off versus Bo Horvat in Flyers zone.
18:50 of 3rd period - Icing by Torey Krug.
18:51 of 3rd period - Patrick Maroon wins face-off versus Jake Guentzel in Bruins zone.
19:16 of 3rd period - Off-side.
19:17 of 3rd period - Leon Draisaitl wins face-off versus Casey Cizikas in neutral zone.
19:35 of 3rd period - Shot by Ryan Spooner.
19:35 of 3rd period - Stopped by Steve Mason with a rebound.
19:37 of 3rd period - Shot by Brendan Gallagher.
19:37 of 3rd period - Stopped by Steve Mason without a rebound.
19:38 of 3rd period - Bo Horvat wins face-off versus Patrice Bergeron in Flyers zone.
19:50 of 3rd period - Bo Horvat is hit by P.K. Subban and loses puck.
Goals for this period are 0 for Bruins vs 0 for Flyers.
Shots for this period are 8 for Bruins vs 9 for Flyers.